 Dungeon Crawl Stone Soup version 0.22.1-5-g62c59d9 (webtiles) character file.

189 Tr0llz0r the Chopper (level 5, 0/41 HPs)
             Began as a Demonspawn Gladiator on Jan 10, 2019.
             Killed by nerve-wracking pain
             ... invoked by an orc priest
              (10 damage)
             ... on level 3 of the Dungeon.
             The game lasted 00:08:54 (2633 turns).

Tr0llz0r the Chopper (Demonspawn Gladiator)         Turns: 2633, Time: 00:08:55

Health: 0/41       AC:  4    Str: 15    XL:     5   Next: 40%
Magic:  5/5        EV: 15    Int: 10    God:
Gold:   111        SH:  0    Dex: 14    Spells: 4/4 levels left

rFire    . . .     SeeInvis .   a - +1 war axe
rCold    . . .     Gourm    .   (no shield)
rNeg     . . .     Faith    .   b - +0 leather armour
rPois    .         Spirit   .   c - +0 helmet
rElec    .         Reflect  .   (no cloak)
rCorr    .         Harm     .   (no gloves)
MR       .....     Clarity  +   (no boots)
Stlth    +.........             (no amulet)
HPRegen  0.13/turn              (no ring)
MPRegen  0.09/turn              (no ring)

@: no status effects
A: repulsion field 1, clarity, spiny 1, MP-powered wands
a: no special abilities


You were on level 3 of the Dungeon.
You were not hungry.

You visited 1 branch of the dungeon, and saw 3 of its levels.

You collected 111 gold pieces.

Inventory:

Hand Weapons
 a - a +1 war axe (weapon)
Missiles
 d - 3 throwing nets (quivered)
 e - 93 stones
 g - 41 arrows
Armour
 b - a +0 leather armour (worn)
 c - a +0 helmet (worn)
Wands
 j - a wand of random effects (29)
Scrolls
 f - a scroll of identify


   Skills:
 + Level 3.0 Fighting
 + Level 4.2 Axes
 + Level 2.0 Throwing
 + Level 1.4 Armour
 + Level 3.4 Dodging
 + Level 0.1 Stealth


You had 4 spell levels left.
You didn't know any spells.
Your spell library was empty.

Dungeon Overview and Level Annotations

Branches:
Dungeon (3/15)

Altars:


Innate Abilities, Weirdness & Mutations

You are surrounded by a mild repulsion field. (EV +2)
You are partially covered in sharp spines.
You possess an exceptional clarity of mind.
You expend magic power (3 MP) to strengthen your wands.


Message History

You kill the goblin!
You start to feel less resistant.
You barely miss the orc. The orc is struck by your spines. The orc misses you.
You slash the orc!
You kill the orc!
Your resistance to elements expires.
Unknown command.
The orc completely misses you.
You see here a dagger.
The orc misses you. The orc hits you with a hand axe.
You see here a ration.
The orc hits you with a hand axe.
* * * LOW HITPOINT WARNING * * *
You hit the orc but do no damage. The orc closely misses you.
You slash the orc!
You kill the orc!
The orc priest calls down the wrath of Beogh upon you.
Pain shoots through your body!
You die...

...?..........>..b..
#............##......)...
#g...........##..#.....b.
#............##..........
#............#...........
.....##.....)..........
...#.................
#.#.##<†o...........
#....)@%..........%.
###.....†........... ####
##..................o
....##..#.#(#####.........
..........#.# #.........
...>........# ....
............# ###
.......†...## ..........##


You could see an orc priest.

Vanquished Creatures
  Natasha (thrice) (D:2)
  5 adders
  A worm (D:2)
  A dart slug (D:2)
  A leopard gecko (D:3)
  6 orcs
  A ball python (D:2)
  5 bats
  5 giant cockroaches
  10 hobgoblins
  A frilled lizard (D:2)
  6 goblins
  5 kobolds
  9 rats
59 creatures vanquished.

Notes
Turn   | Place    | Note
-------+----------+-------------------------------------------
     0 | D:1      | Tr0llz0r the Demonspawn Gladiator began the quest for the
                  | Orb.
     0 | D:1      | Reached XP level 1. HP: 16/16 MP: 1/1
   388 | D:1      | Gained mutation: You are surrounded by a mild repulsion
                  | field. (EV +2) [demonic ancestry]
   388 | D:1      | Reached XP level 2. HP: 22/22 MP: 2/2
   773 | D:2      | Reached skill level 3 in Axes
   864 | D:2      | Gained mutation: You are partially covered in sharp spines.
                  | [demonic ancestry]
   864 | D:2      | Reached XP level 3. HP: 23/27 MP: 3/3
  1642 | D:2      | Noticed Natasha
  1649 | D:2      | Killed Natasha
  1649 | D:2      | Reached XP level 4. HP: 34/34 MP: 4/4
  1731 | D:2      | Reached skill level 1 in Armour
  2085 | D:2      | Noticed Natasha
  2093 | D:2      | Killed Natasha
  2093 | D:2      | Reached skill level 4 in Axes
  2093 | D:2      | Reached XP level 5. HP: 21/40 MP: 5/5
  2375 | D:2      | Noticed Natasha
  2381 | D:2      | Killed Natasha
  2386 | D:2      | Gained mutation: You expend magic power (3 MP) to
                  | strengthen your wands. [potion of mutation]
  2386 | D:2      | Gained mutation: You are clumsy. (Dex -2) [potion of
                  | mutation]
  2386 | D:2      | Lost mutation: You are clumsy. (Dex -2) [potion of
                  | mutation]
  2386 | D:2      | Gained mutation: You possess an exceptional clarity of
                  | mind. [potion of mutation]
  2633 | D:3      | Killed from afar by an orc priest

Skill      XL: |  1  2  3  4  5 |
---------------+----------------+-----
Dodging        | 3 |  3.4
Axes           | 3 4 |  4.2
Throwing       | 2 |  2.0
Armour         | 1 |  1.4
Fighting       | 3 |  3.0
Stealth        | |  0.1

Action                   |  1- 3 |  4- 6 || total
-------------------------+-------+-------++-------
Melee: War axe           |    93 |    43 ||   136
  Use: Scroll            |     4 |     2 ||     6
       Potion            |     3 |     3 ||     6
  Eat: Ration            |     1 |       ||     1
       Chunk             |       |     2 ||     2
Armor: Leather armour    |    22 |    12 ||    34
Dodge: Dodged            |    83 |    46 ||   129
